 Seeded DCSS version 0.29.1-15-g9cfb28693d (webtiles) character file.

Game seed: 15271100887513541114 (custom seed)

4 urmum the Grave Robber (level 1, 0/14 HPs)
             Began as a Ghoul Necromancer on May 23, 2023.
             Slain by a hobgoblin (5 damage)
             ... on level 1 of the Dungeon on May 24, 2023.
             The game lasted 00:02:00 (96 turns).

urmum the Grave Robber (Ghoul Necromancer)            Turns: 96, Time: 00:02:01

Health: 0/14       AC:  2    Str: 11    XL:     1   Next: 60%
Magic:  1/2        EV: 12    Int: 10    God:
Gold:   11         SH:  0    Dex:  9    Spells: 2/3 levels left

rFire   . . .      SeeInvis .   (no weapon)
rCold   + . .      Faith    .   (no shield)
rNeg    + + +      Spirit   .   a - +0 robe
rPois   ∞          Reflect  .   (no helmet)
rElec   .          Harm     .   (no cloak)
rCorr   .          Rampage  .   (no gloves)
Will    .....                   (no boots)
Stlth   ++........              (no amulet)
HPRegen 0.00/turn               (no ring)
MPRegen 0.08/turn               (no ring)

@: inhibited regen
A: claws 1, cold resistance 1, negative energy resistance 3, inhibited
regeneration, torment resistance 2, devour on kill
a: no special abilities


You were on level 1 of the Dungeon.
You visited 1 branch of the dungeon, and saw 1 of its levels.

You collected 11 gold pieces.

Inventory:

Armour
 a - a +0 robe (worn)
Potions
 b - a potion of magic


   Skills:
 + Level 1.8 Dodging
 + Level 2.2 Stealth
 + Level 1.9 Spellcasting
 + Level 4.0 Necromancy


You had 2 spell levels left.
You knew the following spells:

 Your Spells              Type           Power      Damage    Failure   Level
a - Necrotise             Necr           36%        1d5       6%          1

Your spell library contained the following spells:

 Spells                   Type           Power      Damage    Failure   Level
 Vampiric Draining        Necr           9%         2d6       19%         3
 Animate Dead             Necr           9%         N/A       52%         4
 Agony                    Necr           9%         N/A       86%         5


Dungeon Overview and Level Annotations

Branches:
Dungeon (1/15)

Altars:

Annotations:
D:1 1 transporter


Innate Abilities, Weirdness & Mutations

You are immune to poison.
You have sharp fingernails.
Your flesh is cold resistant. (rC+)
You are immune to negative energy. (rN+++)
You do not regenerate when monsters are visible.
You are immune to unholy pain and torment.
You thrive by killing the living.


Message History

The kobold shouts!
Casting: Necrotise (safe; 6% risk of failure)
Confirm with . or Enter, or press ? or * to list all spells.
Aiming: Necrotise (safe; 6% risk of failure)
Press: ? - help, Shift-Dir - straight line, f - kobold
Aim: a kobold, wielding a +0 club (chance to affect: 76%)
The kobold writhes in agony.
You kill the kobold!
You feel better.
The dead are walking!
You swap places.
You see here a +0 club.
A hobgoblin comes into view.
A hobgoblin and a dart slug come into view.
Found an embroidered robe and a hand axe.
The hobgoblin shouts!
Casting: Necrotise (safe; 6% risk of failure)
Confirm with . or Enter, or press ? or * to list all spells.
Aiming: Necrotise (safe; 6% risk of failure)
Press: ? - help, Shift-Dir - straight line, f - hobgoblin
Aim: a hobgoblin (chance to affect: 76%)
The hobgoblin writhes in agony.
The hobgoblin barely misses you.
You closely miss the hobgoblin.
The hobgoblin is moderately wounded.
The hobgoblin hits you.
You scratch the hobgoblin but do no damage.
The hobgoblin is moderately wounded.
Your kobold skeleton hits the hobgoblin but does no damage.
An endoplasm comes into view.
The hobgoblin misses you. x2
You scratch the hobgoblin but do no damage.
The hobgoblin is moderately wounded.
Your kobold skeleton closely misses the hobgoblin.
The hobgoblin hits you. x2
You swap places.
The dart slug bites your kobold skeleton.
The hobgoblin barely misses your kobold skeleton.
The hobgoblin barely misses you.
Your kobold skeleton barely misses the hobgoblin.
The hobgoblin attacks as you move away! The hobgoblin hits you.
You die...

##.## .. #..###
... #>...# ....
#.##.# ....###
#.##.# .......
#.##)# #..)...
#....#
#..[...###..###
#.....gZ@...#
#.....wg##.##
#......J##...
#.......######
#......##
####.#. #.#.
#.#.


You could see a dart slug, an endoplasm, 2 hobgoblins and a friendly kobold
skeleton.

Vanquished Creatures
  2 endoplasms (D:1)
  A ball python (D:1)
  A kobold (D:1)
4 creatures vanquished.

Notes
Turn   | Place    | Note
-------+----------+-------------------------------------------
     0 | D:1      | urmum the Ghoul Necromancer began the quest for the Orb.
     0 | D:1      | Reached XP level 1. HP: 14/14 MP: 2/2
    96 | D:1      | Slain by a hobgoblin

Illustrated notes

Levels and vault maps discovered:
D:1:      spicycebolla_arrival_risky_transporter, layout_basic

Action                   || total
-------------------------++-------
Melee: Unarmed           ||     9
 Cast: Necrotise         ||     4
 Stab: Sleeping          ||     1
Armor: Robe              ||     1
Dodge: Dodged            ||     6
